[Event "*** Titled Tuesday Blitz"]
[Site "Chess.com"]
[Date "2020.05.12"]
[Round "8"]
[White "Munkhzul_Turmunkh"]
[Black "Semen_Khanin"]
[Result "0-1"]
[WhiteElo "2499"]
[BlackElo "2699"]
[TimeControl "180+1"]
[EndTime "11:33:44 PDT"]
[Termination "Semen_Khanin won on time"]

1. e4 c5 2. Nf3 e6 3. d4 cxd4 4.
Nxd4 Nc6 5. Nc3 Qc7 6. Be3 a6 7. Qd2 Nf6 8. O-O-O b5 9. f3 Bb7 10. g4 Nxd4 11. Qxd4 Rc8 12. g5 b4 13. gxf6 bxc3 14. b3 gxf6 15. Qxf6 Rg8 16. Kb1 Rg6 17. Qd4 Bg7 18. Qd3 a5 19. a4 Bc6 20. Ka2 Rb8 21.
Qd6 Qxd6 22. Rxd6 Be5 23. Rd1 d5 24. exd5 Bxd5 25. Bb5+ Kf8 26. Rdf1 Rg2 27. Rf2 Rxf2 28. Bxf2 Bxf3 29. Rf1 Be4 30. Bc5+ Kg7 31. Re1 f5 32. Kb1 Rd8 33. Re2 Rd1+ 34. Ka2 Rd2 35. Bb6 Bxc2 36.
Bxa5 Be4+ 37. Rxd2 cxd2 38. Bxd2 Bxh2 39. a5 Bg1 40.
Bf4 Kf6 41. Bf1 e5 42. Bd2 f4 43. b4 Bd5+ 44. Kb2 Kf5 45. b5 e4 46. b6 e3 47. Bc3 f3 48. Bd3+ Kf4 49. Kc2 e2 0-1

[Event "*** Titled Tuesday Blitz"]
[Site "Chess.com"]
[Date "2020.05.12"]
[Round "8"]
[White "S2PAc"]
[Black "Mfcyryd"]
[Result "1/2-1/2"]
[WhiteElo "2774"]
[BlackElo "2593"]
[TimeControl "180+1"]
[EndTime "11:33:45 PDT"]
[Termination "Game drawn - insufficient material"]

1. d4 Nf6 2. g3 e6 3. Bg2 d5 4. Nf3 Be7 5. O-O O-O 6. c4 dxc4 7. Ne5 Nc6 8. Bxc6 bxc6 9. Nxc6 Qd6 10. Qa4 Bb7 11.
Nxe7+ Qxe7 12. Qxc4 Rfd8 13. Nc3 h6 14. Bf4 a5 15. Qxc7 Qxc7 16. Bxc7 Rxd4 17. Be5 Rb4 18. Bxf6 gxf6 19. Rab1 Rc8 20. Rfc1 Rbc4 21. Rd1 f5 22. f3 Kg7 23. Kf2 Kf6 24. Rd7 Rb4 25. Rdd1 Bc6 26.
Rdc1 Rcb8 27. b3 a4 28. bxa4 Rxb1 29. Rxb1 Rxb1 30. Nxb1 Bxa4 31. Nc3 Bc6 32. Ke3 Ke5 33.
Kd3 Kd6 34. Kc4 f6 35. a4 Bd7 36. a5 Kc6 37. f4 Bc8 38. e4 e5 39. fxe5 fxe5 40.
exf5 Bxf5 41. Nd1 Be6+ 42. Kb4 Kd5 43. Nc3+ Kd4 44. Nb5+ Kd3 45. a6 Bc8 46. a7 Bb7 47.
Nd6 Ba8 48. g4 e4 49. Nxe4 Kxe4 50. h4 Kf4 51. g5 Kf5 52. Kc5 hxg5 53. hxg5 Kxg5 54.
Kd6 Bf3 55. Kc7 Kf5 56. Kb8 Ke6 57. a8=Q Bxa8 1/2-1/2

[Event "*** Titled Tuesday Blitz"]
[Site "Chess.com"]
[Date "2020.05.12"]
[Round "8"]
[White "GadimbayliA"]
[Black "MaxVavulin"]
[Result "1-0"]
[WhiteElo "2832"]
[BlackElo "2628"]
[TimeControl "180+1"]
[EndTime "11:33:45 PDT"]
[Termination "GadimbayliA won by resignation"]

1. e4 e5 2. Nf3 Nc6 3. Nc3 d6 4.
d4 Bg4 5. d5 Nce7 6. h3 Bd7 7.
Bd3 g6 8. Be3 Bg7 9. O-O f5 10.
Ng5 Nf6 11. Ne6 Bxe6 12. dxe6 O-O 13. Bg5 h6 14. Bxf6 Rxf6 15. Nd5 Rf8 16. Bc4 fxe4 17.
Qg4 c6 18. Nxe7+ Qxe7 19. Qxg6 d5 20. Be2 Rf6 21. Qh5 Qxe6 22. Bg4 Qe8 23. Qh4 Qg6 24.
Rae1 Raf8 25. c4 Qf7 26. cxd5 cxd5 27. f3 exf3 28. gxf3 Rf4 29. Kh1 Kh8 30. Qg3 Bf6 31.
Rg1 h5 32. Be6 Qxe6 33. Qxf4 Qxh3+ 34. Qh2 Qxf3+ 35. Rg2 e4 36. Re3 Qf1+ 37. Rg1 Qf5 38. Rh3 h4 39. Qg2 Qh7 40. Qg4 Rg8 41. Qe6 Rxg1+ 42. Kxg1 Qg6+ 43. Kh1 Kg7 44. Rh2 Qh5 45. Rg2+ Bg5 46. Qe5+ Kg6 47. Qd6+ Kf5 48. Qxd5+ Kf4 49. Rf2+ Kg3 50. Rg2+ Kf4 51. Qd6+ Kf3 52. Qd1+ Kf4 53.
Qxh5 1-0

[Event "*** Titled Tuesday Blitz"]
[Site "Chess.com"]
[Date "2020.05.12"]
[Round "8"]
[White "NastaJ"]
[Black "HunterBRR"]
[Result "1-0"]
[WhiteElo "1988"]
[BlackElo "2008"]
[TimeControl "180+1"]
[EndTime "11:33:45 PDT"]
[Termination "NastaJ won by resignation"]

1. e4 c5 2. c3 Nf6 3. e5 Nd5 4.
d4 cxd4 5. cxd4 d6 6. Nf3 Nc6 7. Bc4 Nb6 8. Bb5 dxe5 9. Nxe5 Bd7 10. Bxc6 Bxc6 11. Nxc6 bxc6 12. Nc3 e6 13. O-O Be7 14. Qg4 O-O 15. Rd1 Nd5 16. Be3 Rb8 17. Na4 Nxe3 18. fxe3 Qa5 19. b3 c5 20. dxc5 Bxc5 21. Nxc5 Qxc5 22.
Qd4 Qxd4 23. Rxd4 Rfd8 24. Rad1 Rxd4 25. Rxd4 Kf8 26. Rd7 a5 27. Ra7 Rb5 28. Kf2 Rc5 29. Kf3 g6 30. h3 Kg7 31. g4 Kf6 32. Kf4 h5 33. g5+ Rxg5 34. Rxf7+ Kxf7 35. Kxg5 Kg7 36. a3 Kf7 37. b4 axb4 38. axb4 e5 39. b5 Ke6 40. Kxg6 Kd6 41. Kxh5 Kc5 42. Kg5 Kxb5 43. Kf5 Kc4 44. Kxe5 Kd3 45. e4 Ke2 46. h4 Kf3 47.
h5 Kg3 48. h6 Kg4 49. h7 Kg5 50. h8=Q Kg4 51. Qf6 Kg3 52. Qf4+ Kg2 53. Qe3 Kh1 54. Kf4 Kh2 55. Kf3 Kh1 56. Qe1+ Kh2 57. Qf2+ 1-0

[Event "*** Titled Tuesday Blitz"]
[Site "Chess.com"]
[Date "2020.05.12"]
[Round "8"]
[White "albano87"]
[Black "chessablanca"]
[Result "1/2-1/2"]
[WhiteElo "2316"]
[BlackElo "2457"]
[TimeControl "180+1"]
[EndTime "11:33:46 PDT"]
[Termination "Game drawn - insufficient material"]

1. Nf3 d5 2. d4 c6 3. g3 Nf6 4. Bg2 g6 5. O-O Bg7 6. c4 O-O 7. cxd5 cxd5 8. Nc3 Nc6 9. Ne5 a6 10. e3 e6 11. Nxc6 bxc6 12. b3 Nd7 13. Bb2 e5 14.
dxe5 Nxe5 15. Rc1 Bg4 16. Qc2 Nf3+ 17. Kh1 d4 18. exd4 Nxd4 19. Qd2 Re8 20. h3 Be6 21. Rcd1 Qc8 22. Kh2 Bxh3 23. Bxh3 Nf3+ 24. Kg2 Nxd2 25. Bxc8 Nxf1 26. Bg4 h5 27. Bf3 Ne3+ 28. fxe3 Rxe3 29. Na4 Bxb2 30. Nxb2 Rc8 31. Nc4 Rc3 32. Rd2 c5 33.
Kf2 a5 34. Bd5 a4 35. Bxf7+ Kg7 36. Be6 axb3 37. axb3 Rxb3 38. Kg2 Rf8 39. Nd6 Rb4 40. Bc4 Rf6 41. Ne8+ Kf8 42. Nxf6 Rxc4 43. Nd7+ Ke7 44.
Ne5 Re4 45. Nxg6+ Kf6 46. Nf4 h4 47. Kf3 Ra4 48. gxh4 Ra3+ 49. Ke4 Ra4+ 50. Ke3 Kf5 51. Rd5+ Kg4 52. h5 Rxf4 53. h6 Rf7 54. Rxc5 Re7+ 55.
Kd4 Rh7 56. Rc6 Kg5 57. Ke5 Rxh6 58. Rxh6 Kxh6 1/2-1/2

[Event "*** Titled Tuesday Blitz"]
[Site "Chess.com"]
[Date "2020.05.12"]
[Round "8"]
[White "NormWeinstein"]
[Black "Chess2019Player"]
[Result "1-0"]
[WhiteElo "2413"]
[BlackElo "2181"]
[TimeControl "180+1"]
[EndTime "11:33:46 PDT"]
[Termination "NormWeinstein won by resignation"]

1. e4 e6 2. d3 d5 3. Nd2 Nf6 4. Ngf3 b6 5. Be2 c5 6. O-O Nc6 7. c3 Be7 8. exd5 Nxd5 9. Nb3 Ba6 10. d4 Bxe2 11. Qxe2 cxd4 12. Nbxd4 Rc8 13. Nxc6 Rxc6 14. Ne5 Rc8 15. Qb5+ Kf8 16. Re1 Qc7 17. Qd3 Bd6 18. Nf3 Bf4 19. g3 Bxc1 20. Raxc1 Qc4 21. Qb1 Ke7 22.
Ne5 Qc7 23. c4 Nf6 24. b3 Rhd8 25. Qb2 Kf8 26. Re2 Kg8 27. Rce1 h6 28. Qa3 Nd7 29. Nf3 Nc5 30. Re3 Rd6 31. Ne5 Qb7 32. b4 Nd7 33. Qc3 Nxe5 34. Rxe5 Qc7 35. Rc1 Rcd8 36. Ree1 Rd3 37.
Qe5 Qxe5 38. Rxe5 Rd1+ 39. Re1 Rxe1+ 40. Rxe1 Rd2 41. a3 Rd3 42. Re3 Rd1+ 43. Kg2 Rc1 44. Re4 Rc3 45. a4 Kf8 46. Kf1 Ke7 47. h4 Rb3 48. c5 bxc5 49. bxc5 Rc3 50. Rb4 a5 51. Rb5 Rc4 52. Rxa5 Kd7 53. Kg2 Kc6 54. Ra7 Kxc5 55.
Rxf7 Rxa4 56. Rxg7 Kd5 57. Rg6 h5 58. Rg5+ Kd6 59.
Rxh5 Re4 60. Rg5 Re1 61. h5 Ke7 62. h6 Kf6 63. h7 1-0

[Event "*** Titled Tuesday Blitz"]
[Site "Chess.com"]
[Date "2020.05.12"]
[Round "8"]
[White "dolynachess"]
[Black "AGW2016"]
[Result "0-1"]
[WhiteElo "2341"]
[BlackElo "2150"]
[TimeControl "180+1"]
[EndTime "11:33:47 PDT"]
[Termination "AGW2016 won by resignation"]

1. d4 Nf6 2. c4 g6 3. Nc3 Bg7 4. Nf3 d6 5. e4 O-O 6. Be2 e5 7.
d5 a5 8. Be3 Ng4 9. Bg5 f6 10.
Bh4 Nh6 11. Nd2 Na6 12. a3 Bd7 13. f3 Qe8 14. b3 f5 15. Bf2 Nf7 16. Rb1 Nc5 17.
O-O h5 18. b4 axb4 19. axb4 Na4 20. Qb3 Nxc3 21. Qxc3 Bh6 22. Ra1 Qe7 23. c5 Qg5 24.
Nc4 h4 25. Rxa8 Rxa8 26. cxd6 h3 27. g3 cxd6 28. Nb6 Rd8 29. Nxd7 Rxd7 30. Qc8+ Rd8 31. Qe6 Kg7 32. exf5 Qxf5 33. Qxf5 gxf5 34. Ra1 Rc8 35.
Kf1 e4 36. fxe4 fxe4 37. Bd4+ Ne5 38. Bg4 Rc4 39. Bxe5+ dxe5 40. Bxh3 e3 41. Bf5 Rxb4 42. h4 Rd4 43. g4 Bf4 44. Ra7 Rd1+ 45. Ke2 Rd2+ 46.
Kf1 e2+ 47. Ke1 Rb2 48. Ra3 Bd2+ 49. Kxe2 Bb4+ 50. Kd3 Bxa3 51. Ke4 Bd6 52. g5 Rh2 0-1

[Event "*** Titled Tuesday Blitz"]
[Site "Chess.com"]
[Date "2020.05.12"]
[Round "8"]
[White "VerdeNotte"]
[Black "Hikaru"]
[Result "0-1"]
[WhiteElo "2883"]
[BlackElo "3245"]
[TimeControl "180+1"]
[EndTime "11:33:49 PDT"]
[Termination "Hikaru won by resignation"]

1. e4 c6 2. d4 d5 3. e5 Bf5 4. h4 h5 5. c4 dxc4 6. Bxc4 e6 7. Ne2 Ne7 8. Bg5 Qb6 9. Qd2 Nd7 10. Nbc3 O-O-O 11. Qe3 Bg6 12. O-O Re8 13. Qd2 Nf5 14. a3 f6 15. Na4 Qc7 16. exf6 gxf6 17. Bf4 Bd6 18.
Rfe1 Nxh4 19. Nc5 Bf5 20. Bxd6 Qxd6 21. Qb4 Nb6 22. a4 Rhg8 23. Ng3 Rxg3 24. fxg3 Qxg3 25. Re2 Nf3+ 26. Kf1 Nxd4 27. Bxe6+ Nxe6 28. Rae1 Re7 29. Nxe6 Nd5 30. Qa3 Qxa3 31. bxa3 Bd3 32. Kf2 Bxe2 33. Rxe2 Nc3 34. Re1 Nxa4 35. g3 b5 36. Nf4 Rxe1 37.
Kxe1 Nc5 38. Nxh5 Ne4 39. Ke2 a5 40. Ke3 b4 41. axb4 a4 42. Kd3 f5 43. Kc2 Kb7 44. Kb2 Kb6 45. Ka3 Kb5 46. Nf4 Nxg3 47. Ne6 Ne2 48.
Nc7+ Kc4 49. Kxa4 f4 50. Ne8 f3 51. Nf6 Nc3+ 52. Ka5 Nd5 53. Ng4 Kd4 54. b5 c5 55.
b6 Nxb6 56. Kxb6 c4 57. Kb5 c3 58. Nh6 c2 59. Nf5+ Kd3 0-1

[Event "*** Titled Tuesday Blitz"]
[Site "Chess.com"]
[Date "2020.05.12"]
[Round "8"]
[White "Kezin_Roman"]
[Black "Fy_Rakotomaharo"]
[Result "1-0"]
[WhiteElo "2799"]
[BlackElo "2653"]
[TimeControl "180+1"]
[EndTime "11:33:50 PDT"]
[Termination "Kezin_Roman won by resignation"]

1. d4 Nf6 2. c4 g6 3. Nc3 d5 4.
cxd5 Nxd5 5. e4 Nxc3 6. bxc3 Bg7 7. Nf3 c5 8. Be3 Qa5 9. Qd2 O-O 10. Rc1 Nd7 11.
Bd3 b6 12. O-O e6 13. Qe2 Bb7 14. Nd2 cxd4 15. cxd4 Rfc8 16. Nc4 Qb4 17. e5 Ba6 18. Nd6 Bxd3 19. Qxd3 Rxc1 20. Rxc1 Bf8 21. Ne4 Be7 22. g3 Rd8 23. Qc2 b5 24. Qc7 Nb6 25. Nf6+ Bxf6 26.
exf6 Qd6 27. Qxa7 Nc4 28. Bf4 Qxd4 29. Qxd4 Rxd4 30. Rb1 Rd5 31. a4 g5 32. Be3 Nxe3 33.
fxe3 b4 34. Rxb4 h6 35. Rb2 Ra5 36. Ra2 Kh7 37. Kf2 Kg6 38. Ke2 Kxf6 39. Kd3 Kf5 40. Kc4 Ke4 41. Ra3 Rf5 42. a5 Rf1 43. a6 Rc1+ 44. Kb5 Rc8 45. a7 Ra8 46. Kc6 f5 47. Kb7 Rxa7+ 48. Rxa7 e5 49. Ra5 f4 50. exf4 exf4 51.
gxf4 Kxf4 52. Kc6 Kg4 53. Kd5 Kh3 54. Ke4 Kxh2 55. Kf5 Kh3 56. Ra6 g4 57. Rxh6+ Kg3 58. Rg6 1-0

[Event "*** Titled Tuesday Blitz"]
[Site "Chess.com"]
[Date "2020.05.12"]
[Round "8"]
[White "ElGasanov"]
[Black "pollo2016"]
[Result "1-0"]
[WhiteElo "2740"]
[BlackElo "2568"]
[TimeControl "180+1"]
[EndTime "11:33:52 PDT"]
[Termination "ElGasanov won on time"]

1. d4 Nf6 2. Nf3 b6 3. Bg5 Bb7 4. Bxf6 gxf6 5. g3 Bxf3 6. exf3 d5 7. f4 f5 8. Nd2 e6 9. Nf3 Nd7 10. Bb5 Bd6 11. Bc6 Rb8 12. c4 dxc4 13. Qa4 b5 14.
Bxb5 O-O 15. Bxd7 Rb4 16. Qc6 Rb6 17. Qxc4 Qxd7 18. b3 Rc6 19. Qa4 Rd8 20. O-O Rc3 21. Qxd7 Rxd7 22. Kg2 c5 23. Rfd1 Be7 24. dxc5 Rxd1 25.
Rxd1 Bxc5 26. h4 Rc2 27. Rd2 Rxd2 28. Nxd2 h5 29. Nc4 Kf8 30. f3 Ke7 31. Kh3 Kf6 32. Ne5 Bd6 33. Nc6 a6 34. b4 e5 35. fxe5+ Bxe5 36. Nxe5 Kxe5 37. g4 fxg4+ 38. fxg4 hxg4+ 39.
Kxg4 Ke4 40. Kg5 f5 41. h5 f4 42. h6 f3 43. h7 f2 44. h8=Q f1=Q 45. Qe8+ Kd4 46.
Qa4 Qg2+ 47. Kf6 Qf3+ 48. Ke7 Qb7+ 49. Kd6 Qb6+ 50. Kd7 Qb7+ 51. Kd8 Qb8+ 52. Ke7 Qe5+ 53. Kd7 Qg7+ 54. Kc6 Qf6+ 55. Kb7 Qd6 56. b5+ 1-0

[Event "*** Titled Tuesday Blitz"]
[Site "Chess.com"]
[Date "2020.05.12"]
[Round "8"]
[White "levallem"]
[Black "jonaszmb"]
[Result "0-1"]
[WhiteElo "2160"]
[BlackElo "2509"]
[TimeControl "180+1"]
[EndTime "11:33:52 PDT"]
[Termination "jonaszmb won on time"]

1. d4 d5 2. c4 Bf5 3. cxd5 Bxb1 4. Rxb1 Qxd5 5. b3 Nc6 6. Nf3 O-O-O 7. e3 e5 8. Bc4 Bb4+ 9. Bd2 Qa5 10. d5 e4 11.
Ng5 Nf6 12. Nxf7 Nxd5 13. Nxd8 Rxd8 14. Bxb4 Qxb4+ 15. Kf1 Nxe3+ 16. fxe3 Rxd1+ 17. Rxd1 Qc3 18. Ke2 a6 19. Rhf1 Kb8 20. Rd2 Ne5 21. Bd5 Ng4 22.
Rf8+ Ka7 23. Bc4 Qxe3+ 24. Kd1 Qg1+ 25. Kc2 Ne3+ 26. Kb2 Nxc4+ 27. bxc4 Qb6+ 28. Kc2 e3 29. Re2 Qg6+ 30. Kc3 Qd6 31. Rf3 Qa3+ 32. Kd4 c5+ 33. Ke4 Qc3 34. Rfxe3 Qxc4+ 35. Kf3 Qf7+ 36. Kg3 c4 37. h4 Qg6+ 38. Kh2 Qg4 39. g3 c3 40. Rc2 g5 41. Rexc3 gxh4 42. gxh4 Qxh4+ 43. Kg2 Qg5+ 44. Kf2 Qf4+ 45. Ke2 Qe4+ 46. Kf2 Qd4+ 47. Kg2 h5 48. Kh2 Qf4+ 49. Kg2 h4 50. Kh3 a5 51. a3 Ka6 52.
Kg2 b6 53. Kh3 b5 54. Rc6+ Kb7 55. R6c3 b4 56. axb4 axb4 57. Rc4 Qf3+ 58. Kxh4 b3 0-1

[Event "*** Titled Tuesday Blitz"]
[Site "Chess.com"]
[Date "2020.05.12"]
[Round "8"]
[White "IMAghasiyevKamal"]
[Black "BAS8892"]
[Result "1/2-1/2"]
[WhiteElo "2547"]
[BlackElo "2713"]
[TimeControl "180+1"]
[EndTime "11:33:53 PDT"]
[Termination "Game drawn by repetition"]

1. d4 d5 2. c4 c6 3. Nf3 Nf6 4. e3 Bf5 5. Nc3 e6 6. Nh4 Bg6 7. Qb3 Qc7 8. Bd2 Nbd7 9. Rc1 Rc8 10. Be2 Be7 11. O-O Qb8 12. Rfd1 Ne4 13. Nxe4 Bxe4 14. Nf3 O-O 15. Bb4 c5 16. Ba3 b6 17. cxd5 Bxd5 18. Qa4 Nf6 19. Ne5 Bd6 20. h3 Bxe5 21. dxe5 Ne4 22. f3 Ng3 23. Ba6 Qxe5 24. e4 Bc6 25.
Qc2 Rcd8 26. Qf2 Nh5 27. Rxd8 Rxd8 28. b4 Nf4 29. bxc5 b5 30. Bb2 Qg5 31. Kh2 Nxh3 32. Qg3 Rd2 33. Qxg5 Nxg5 34. Bc3 Rxa2 35. Ra1 Nxf3+ 36.
Kg3 Rxa1 37. Bxa1 Ng5 38. Kf4 f6 39. e5 Kf7 40. g4 h6 41. Bc8 Ne4 42. Bb2 a5 43. Ke3 Nxc5 44. exf6 gxf6 45. Bd4 Nd7 46. Bc3 e5 47. Bxa5 Ke7 48. Bb4+ Kd8 49. Ba6 Kc7 50. Ba5+ Kd6 51. Bd8 Nc5 52. Bc8 Nd7 53. Ba6 Ke6 54. Bc8 Kd6 55. Ba6 1/2-1/2

[Event "*** Titled Tuesday Blitz"]
[Site "Chess.com"]
[Date "2020.05.12"]
[Round "8"]
[White "Azoulas1"]
[Black "letantha"]
[Result "0-1"]
[WhiteElo "1919"]
[BlackElo "2155"]
[TimeControl "180+1"]
[EndTime "11:33:53 PDT"]
[Termination "letantha won by checkmate"]

1. e4 c5 2. Nf3 g6 3. d4 cxd4 4. Nxd4 Bg7 5. c4 Nc6 6. Be3 Nf6 7. Nc3 O-O 8. Be2 d6 9. O-O Nxd4 10. Bxd4 Bd7 11. Rc1 Bc6 12. Qd2 e5 13. Be3 Nxe4 14. Nxe4 Bxe4 15. Rfd1 Bc6 16. Qxd6 Qh4 17. Qd2 Rad8 18.
Qe1 f5 19. f3 Qxe1+ 20. Rxe1 a6 21. b3 e4 22. Rcd1 Be5 23. f4 Bc3 24. Rf1 Kf7 25.
Bb6 Rxd1 26. Rxd1 Bf6 27. Kf2 Ke6 28. g3 Be7 29. c5 Bf6 30. Bc4+ Ke7 31. Bc7 Rc8 32. Bb6 Ke8 33. Rd6 Be7 34. Rd1 Bd8 35. Bf7+ Ke7 36. Bxd8+ Rxd8 37. Rxd8 Kxd8 38. Bg8 h6 39.
Bh7 Be8 40. Bg8 Ke7 41. Ke3 Bf7 42. Bxf7 Kxf7 43. h3 Ke6 44. Kd4 Kd7 45. a4 a5 46.
Ke3 Kc6 47. h4 Kxc5 48. g4 h5 49. gxf5 gxf5 50. Kd2 Kb4 51. Ke3 Kxb3 52. Kd4 Kxa4 53. Ke5 e3 54. Kxf5 e2 55. Kg6 e1=Q 56. f5 Qxh4 57. f6 Qxf6+ 58. Kxf6 h4 59. Kg5 h3 60. Kg4 h2 61. Kg3 h1=Q 62. Kg4 Qc6 63. Kg5 b5 64.
Kh5 b4 65. Kh4 b3 66. Kh3 b2 67. Kg3 b1=Q 68. Kh4 Qg1 69. Kh5 Qch1# 0-1

[Event "*** Titled Tuesday Blitz"]
[Site "Chess.com"]
[Date "2020.05.12"]
[Round "8"]
[White "Spartakus1975"]
[Black "AminMolaei"]
[Result "0-1"]
[WhiteElo "2712"]
[BlackElo "2557"]
[TimeControl "180+1"]
[EndTime "11:33:55 PDT"]
[Termination "AminMolaei won on time"]

1. e4 c5 2. c3 g6 3. Nf3 Bg7 4.
d4 cxd4 5. cxd4 d5 6. e5 Bg4 7. Bb5+ Nd7 8. O-O e6 9. Nbd2 a6 10. Be2 Rc8 11. h3 Bxf3 12. Nxf3 Ne7 13. Bd3 O-O 14. Be3 Nf5 15. Bxf5 gxf5 16. Qd2 f6 17. Bh6 fxe5 18. Bxg7 Kxg7 19. dxe5 Qe7 20. Rac1 b5 21. Rxc8 Rxc8 22. Rc1 Rc5 23. b3 h6 24. h4 Rxc1+ 25.
Qxc1 Qc5 26. Qf4 Qc3 27. Qg3+ Kf8 28. Qg6 Qc1+ 29. Kh2 Qf4+ 30. Kh3 Nxe5 31. Qf6+ Nf7 32.
Qxe6 Qg4+ 33. Kh2 Qf4+ 34. Kg1 Qc1+ 35. Ne1 d4 36. Kh2 Qf4+ 37. Kg1 Qc1 38. Kh2 Qf4+ 39. Kg1 Qe4 40. Qxe4 fxe4 41. Kf1 d3 42. Nxd3 exd3 43. Ke1 h5 44. Kd2 Ne5 45. f4 Nc6 46. Kxd3 Nb4+ 47.
Kd4 Nxa2 48. Kc5 Ke7 49. Kb6 Kd6 50. Kxa6 Kc5 51. g4 hxg4 52. h5 Nb4+ 53. Kb7 Nd5 54.
h6 Nf6 0-1

[Event "*** Titled Tuesday Blitz"]
[Site "Chess.com"]
[Date "2020.05.12"]
[Round "8"]
[White "sopo-tereladze"]
[Black "Unknown_IM"]
[Result "1/2-1/2"]
[WhiteElo "2404"]
[BlackElo "2549"]
[TimeControl "180+1"]
[EndTime "11:33:56 PDT"]
[Termination "Game drawn - insufficient material"]

1. d4 d5 2. Nf3 Nf6 3. Bf4 c5 4.
e3 Nc6 5. c3 Qb6 6. Qb3 c4 7.
Qxb6 axb6 8. Na3 e6 9. Nb5 Ra5 10. a4 Bd7 11. Bc7 Ra6 12. Bg3 Ra5 13. Be2 Na7 14.
Nc7+ Kd8 15. Na8 Nc8 16. Bc7+ Ke8 17. Nxb6 Nxb6 18. Bxb6 Rxa4 19. O-O Ra6 20. Rxa6 bxa6 21. Ne5 Bb5 22. Ra1 Bd6 23. Ba5 Bxe5 24. dxe5 Nd7 25.
f4 Nc5 26. Bb4 Nb3 27. Rd1 Kd7 28. g4 Kc6 29. Bf3 Nc5 30. Bxc5 Kxc5 31. e4 Bc6 32. exd5 Bxd5 33. Bxd5 exd5 34. Kf2 Rb8 35. Rd2 a5 36. f5 a4 37. Ke1 Re8 38. Re2 d4 39. Kd2 d3 40. Re4 Kd5 41. Rd4+ Kc5 42. Re4 Rb8 43. Kc1 Rb3 44. e6 fxe6 45. fxe6 Rb8 46. e7 Re8 47. Kd2 Kd5 48. Re1 Kd6 49. Re4 Rxe7 50. Rxc4 Re2+ 51.
Kxd3 Rxb2 52. Rxa4 Rxh2 53. Ra7 g5 54. Rg7 h6 55.
Ke4 Rf2 56. Rg6+ Kc5 57. Rxh6 Rf4+ 58. Kd3 Rxg4 59. Rg6 Rg3+ 60. Kc2 Kc4 61. Kd2 Rd3+ 62.
Ke2 Rd5 63. Kf3 Kxc3 64. Kg4 Kd4 65. Rxg5 Rxg5+ 66. Kxg5 1/2-1/2

[Event "*** Titled Tuesday Blitz"]
[Site "Chess.com"]
[Date "2020.05.12"]
[Round "8"]
[White "Xeniya2005"]
[Black "stolencandy13"]
[Result "0-1"]
[WhiteElo "2286"]
[BlackElo "2522"]
[TimeControl "180+1"]
[EndTime "11:33:56 PDT"]
[Termination "stolencandy13 won by resignation"]

1. e4 c6 2. d4 d5 3. Nd2 dxe4 4. Nxe4 Bf5 5. Ng3 Bg6 6. Nf3 Nd7 7. Bd3 e6 8. O-O Ngf6 9. c4 Bd6 10. b3 O-O 11. Bb2 Qc7 12. Bxg6 hxg6 13. Qe2 Rfe8 14. Rfe1 a5 15. a3 Rab8 16. Rac1 Bf4 17. Rc2 Qb6 18. Qd3 Rbd8 19. Qc3 Qa6 20. Ne4 a4 21.
b4 Nxe4 22. Rxe4 Bd6 23. g3 Be7 24. Kg2 Bf6 25. Qe1 b5 26. c5 Be7 27. Bc1 Qc8 28.
Bf4 Nf6 29. Ree2 Nd5 30. Bc1 Bf6 31. Re4 Rd7 32. Rce2 Red8 33. g4 Nc7 34. Bb2 Rd5 35.
h4 Qd7 36. g5 Be7 37. Ne5 Qe8 38. Rf4 Rxe5 39. Rxe5 Nd5 40. Qe4 Nxf4+ 41. Qxf4 Rd7 42.
Qg4 Bf8 43. h5 gxh5 44. Qxh5 g6 45. Qe2 Bg7 46. Re4 Qe7 47. Qe3 Rd5 48. f4 Qd7 49. Kf3 Kf8 50. Kg3 Ke7 51. Bc3 Qd8 52. Bb2 Qh8 53. Kg2 Qh5 54. Qf3 Qh4 55. Qg3 Qh5 56. Qf3 Qxf3+ 57. Kxf3 Rd8 58. Ke3 Rh8 59. Kd2 Rh2+ 60.
Re2 Rh3 61. Rf2 Rb3 62. Kc2 Rxb2+ 63. Kxb2 Bxd4+ 64. Kc2 Bxf2 0-1

[Event "*** Titled Tuesday Blitz"]
[Site "Chess.com"]
[Date "2020.05.12"]
[Round "8"]
[White "GMaka"]
[Black "DinaBelenkaya"]
[Result "1-0"]
[WhiteElo "2364"]
[BlackElo "2132"]
[TimeControl "180+1"]
[EndTime "11:33:58 PDT"]
[Termination "GMaka won by resignation"]

1. Nf3 d5 2. c4 d4 3. g3 c5 4. Bg2 Nc6 5. O-O e5 6. e3 Be7 7. exd4 exd4 8. d3 Nf6 9. Bg5 O-O 10.
Nbd2 h6 11. Bxf6 Bxf6 12. Ne4 Be7 13. a3 f5 14. Ned2 a5 15. Re1 f4 16. Ne5 Nxe5 17. Rxe5 fxg3 18. hxg3 Bd6 19. Bd5+ Kh8 20. Rh5 Bf5 21. Ne4 Bg6 22. Rh4 Be7 23. Rh2 Qb6 24.
Qg4 Bf5 25. Qe2 Rae8 26. Kg2 Bd8 27. Rah1 Qg6 28. Qh5 Qxh5 29. Rxh5 b6 30. Nd6 Bg6 31. Nxe8 Bxh5 32. Nxg7 Kxg7 33. Rxh5 Kg6 34. Re5 Bf6 35. Re6 Kg7 36. Rxb6 Re8 37. Rb7+ Kg6 38. Be4+ Kg5 39. f4+ Kg4 40. Rb6 Rf8 41. b4 h5 42. bxc5 h4 43. Bf3+ Kf5 44. Be4+ Kg4 45. gxh4 Kxf4 46. Rb2 Rg8+ 47.
Kh2 Be5 48. Rg2 Ke3+ 49. Kh3 Rh8 50. c6 Bf6 51. Rg4 Rc8 52. Rg6 Be5 53. h5 Rc7 54. Kg4 Rg7 55. Kf5 Rf7+ 56. Kxe5 Re7+ 57. Kd6 1-0

[Event "*** Titled Tuesday Blitz"]
[Site "Chess.com"]
[Date "2020.05.12"]
[Round "8"]
[White "Mimsychess"]
[Black "JoachimMouhamad"]
[Result "1/2-1/2"]
[WhiteElo "2329"]
[BlackElo "2219"]
[TimeControl "180+1"]
[EndTime "11:33:58 PDT"]
[Termination "Game drawn by repetition"]

1. e4 e5 2. Nf3 Nc6 3. d4 exd4 4. Nxd4 Nf6 5. Nc3 Bb4 6. Nxc6 bxc6 7. Bd3 O-O 8. O-O d5 9. exd5 cxd5 10. h3 c6 11. Qf3 Re8 12. Ne2 Ne4 13. Nd4 Bd7 14. c3 Bd6 15. Bf4 Bxf4 16. Qxf4 Rb8 17. Bxe4 dxe4 18. Rfd1 Qe7 19. b4 c5 20. bxc5 Qxc5 21. Nb3 Qe7 22. Rd6 Ba4 23. Nc5 Bc2 24. Rd7 Qf8 25. Rc1 Rb1 26. Rxb1 Bxb1 27. a4 a5 28. Qc7 Ba2 29. Qd6 Qxd6 30. Rxd6 g6 31. Ra6 e3 32. fxe3 Rxe3 33. Rxa5 Rxc3 34. Nd7 Be6 35. Nf6+ Kg7 36.
Ne4 Ra3 37. Nc5 Ra2 38. Nxe6+ fxe6 39. Ra7+ Kf6 40. a5 h5 41. a6 h4 42. Ra8 Ke5 43.
a7 g5 44. Kf1 Ke4 45. Ke1 e5 46. Kd1 Ke3 47. Kc1 e4 48. Kb1 Ra5 49. Kc2 Ke2 50. Re8 Ra2+ 51. Kb3 Rxa7 52. Rxe4+ Kf2 53. Rg4 Rg7 54.
Kc4 Ke3 55. Kc3 Rc7+ 56. Kb2 Rc5 57. Kb3 Kf2 58. Kb4 Rf5 59. Kc4 Ke3 60. Kc3 Re5 61.
Kc2 Rf5 62. Kc3 Rd5 63. Kc4 Rf5 64. Kc3 1/2-1/2

[Event "*** Titled Tuesday Blitz"]
[Site "Chess.com"]
[Date "2020.05.12"]
[Round "8"]
[White "Chessmatus"]
[Black "MikaelyanArman"]
[Result "1-0"]
[WhiteElo "2482"]
[BlackElo "2657"]
[TimeControl "180+1"]
[EndTime "11:34:02 PDT"]
[Termination "Chessmatus won on time"]

1. e4 e5 2. Nf3 Nc6 3. Bb5 a6 4. Ba4 Nf6 5. O-O Be7 6. Re1 b5 7. Bb3 d6 8. c3 O-O 9. h3 Bb7 10. d4 Nd7 11. a4 Na5 12. Bc2 c5 13. Nbd2 exd4 14. cxd4 Nc6 15. Nf1 cxd4 16. Nxd4 Nxd4 17. Qxd4 Rc8 18. Ne3 Ne5 19. Bd2 Bf6 20. Qb4 Rxc2 21. Nxc2 Nd3 22. Qb3 Nxe1 23. Rxe1 Bc6 24. axb5 Bxb5 25.
Bc3 Bxc3 26. Qxc3 Qc8 27. Qd2 Qc5 28. Nd4 g6 29. Rc1 Qe5 30. f3 h5 31. Nxb5 axb5 32. Rc6 Ra8 33. Rxd6 Qc5+ 34. Qd4 Qc1+ 35. Kf2 h4 36. Rd8+ Rxd8 37. Qxd8+ Kg7 38. Qd4+ Kh7 39. b4 Qc2+ 40. Kg1 Qc1+ 41. Kh2 Qf4+ 42. Kg1 Qc1+ 43.
Kf2 Qc2+ 44. Kf1 Qb1+ 45. Ke2 Qc2+ 46. Qd2 Qc4+ 47. Kf2 Kg7 48. Kg1 Kh7 49. Kh2 Qc7+ 50. f4 Qc4 51. Qe1 Kg7 52. f5 gxf5 53. exf5 Qf4+ 54.
Kg1 Qxf5 55. Qxh4 Qb1+ 56. Kh2 1-0

[Event "*** Titled Tuesday Blitz"]
[Site "Chess.com"]
[Date "2020.05.12"]
[Round "8"]
[White "Future2700"]
[Black "viktorskliarov"]
[Result "1/2-1/2"]
[WhiteElo "2435"]
[BlackElo "2580"]
[TimeControl "180+1"]
[EndTime "11:34:02 PDT"]
[Termination "Game drawn - insufficient material"]

1. e4 c5 2. Nf3 Nc6 3. d4 cxd4 4.
Nxd4 Nf6 5. Nc3 e5 6. Ndb5 d6 7. Bg5 a6 8. Na3 b5 9. Bxf6 gxf6 10. Nd5 f5 11. g3 Bg7 12. Bg2 fxe4 13. Bxe4 Be6 14.
Ne3 Nd4 15. c3 d5 16. Bg2 b4 17. Nb1 bxc3 18. bxc3 Nf5 19. Nxf5 Bxf5 20. Qxd5 Qxd5 21.
Bxd5 Rb8 22. O-O Ke7 23. Nd2 Rhc8 24. c4 Be6 25. Rab1 Bxd5 26. cxd5 Kd6 27. Nc4+ Kc5 28. Ne3 Bf8 29. Rxb8 Rxb8 30. Rc1+ Kd4 31. Rc6 Ke4 32.
Kg2 a5 33. Rc4+ Kd3 34. Ra4 Bb4 35. a3 Bc3 36. d6 Rd8 37. Nc4 e4 38. Nxa5 Rxd6 39.
Nb3 f5 40. Nc5+ Ke2 41. Rc4 Bd4 42. Nb3 Ba7 43. a4 Ke1 44. a5 Rd3 45. Nc5 Ra3 46. Nxe4 fxe4 47. Rxe4+ Kd2 48. Re7 Rxa5 49. Rxh7 Bd4 50.
Rd7 Kd3 51. h4 Ra2 52. Rf7 Ke2 53. h5 Ke1 54. Kh3 Bxf2 55. g4 Bd4 56. g5 Ra4 57. h6 Ke2 58. g6 Ra6 59. Rd7 Rxg6 60. Rxd4 Rxh6+ 61. Kg4 Re6 62. Kf5 Re3 63. Re4 Rxe4 64.
Kxe4 1/2-1/2